[Event "125-Jahre Werder Bremen 2024"]
[Site "Bremen"]
[Date "2024.03.09"]
[Round "8.5"]
[White "Pruijssers, Roeland"]
[Black "Breutigam, Martin"]
[Result "1-0"]
[ECO "B08"]
[WhiteElo "2537"]
[BlackElo "2359"]
[Annotator "TA"]
[PlyCount "55"]
[EventDate "2024.02.26"]
[EventType "swiss"]
[EventCountry "GER"]
[SourceTitle "playchess.com"]
[Source "ChessBase"]
[SourceQuality "1"]
[TimeControl "40/6000+30:1800+30"]

1. e4 Nc6 2. Nf3 d6 3. d4 Nf6 4. Nc3 g6 5. h3 Bg7 6. Be3 O-O 7. Qd2 a6 8. Be2 b5 9. a3 Bb7 {[%emt 0:05:08] White is slightly better.} 10. d5 Nb8 11. Bh6 c6 {[%emt 0:02:19] [#]} ({Black should play} 11... c5 $14) 12. h4 $1 $16 {[%emt 0:07:33][%cal Oh4h5] White has more active pieces. The black rooks are passive.} cxd5 13. exd5 Bxh6 14. Qxh6 {[%emt 0:00:09] Black must now prevent Ng5.} Ng4 15. Qf4 h5 16. Ng5 e5 $2 (16... Qc8 $16 17. Nge4 Rd8) 17. dxe6 $18 fxe6 18. Qg3 Qf6 19. Bxg4 (19. Qxd6 Qxf2+ 20. Kd1 Re8 $11) 19... hxg4 20. O-O-O (20. Qxd6 Qxf2+ 21. Kd1 Qxg2 22. Qxe6+ Kh8 23. Qe5+ (23. Re1 Nc6 $17) 23... Kg8 24. Qe6+ Kh8 25. Qe5+ (25. Re1 Nc6 $17) 25... Kg8 26. Qe6+ $11) 20... Qxf2 $2 (20... Nc6 21. Nce4 (21. Rxd6 Nd4 $18) (21. Qxg4 Ne5 $18) (21. Qxd6 Nd8 $18) 21... Qe5 22. Nxd6 (22. Rxd6 Rae8 $18) 22... Qxg3 23. fxg3 Nd8 24. Nxb7 Nxb7 25. Nxe6 Rf6) 21. Qxd6 {[%emt 0:01:26][%cal Od6e7] [#] Qe7! is the strong threat.} Qf4+ 22. Qxf4 Rxf4 23. Nxe6 Rc4 {[%emt 0:00:25] Black is weak on the dark squares} (23... Rf6 $142 24. Rd8+ Kf7 25. Ng5+ Ke7) 24. Rd8+ Kf7 25. Re1 {[%emt 0:01:53] Ng5+ would kill now.} Bxg2 26. Ng5+ {[%emt 0:02:08] A dynamic duo of knights. White mates.} Kg7 27. Re7+ Kf6 28. Rde8 {[%emt 0:00:52] Black did not feel at home in the position after the opening.   Weighted Error Value: White=0.05 (flawless) /Black=0.79.  Loses game:     	---       	Black=1      Mistake:       	---       	Black=3      Inaccurate:     	---       	Black=2      OK:         	White=7     	Black=3      Best:        	White=1     	Black=2      Strong:       	White=1     	---} 1-0

[Event "125-Jahre Werder Bremen 2024"]
[Site "Bremen"]
[Date "2024.03.09"]
[Round "8.6"]
[White "Krastev, Alexander"]
[Black "Gloeckler, Christian"]
[Result "1/2-1/2"]
[ECO "B25"]
[WhiteElo "2457"]
[BlackElo "2356"]
[Annotator "TA"]
[PlyCount "82"]
[EventDate "2024.02.26"]
[EventType "swiss"]
[EventCountry "GER"]
[SourceTitle "playchess.com"]
[Source "ChessBase"]
[SourceQuality "1"]
[TimeControl "40/6000+30:1800+30"]

1. e4 c5 2. Nc3 d6 3. Nge2 Nf6 4. g3 g6 5. Bg2 Bg7 6. O-O O-O 7. d3 Nc6 8. h3 Rb8 9. f4 Nd7 10. a4 a6 11. Be3 Nd4 12. Rb1 e6 13. b4 b6 14. Na2 Nxe2+ 15. Qxe2 Bb7 16. c3 Bc6 17. b5 axb5 18. axb5 Bb7 19. g4 (19. c4 $11) 19... Ra8 $15 20. Rf2 Ra3 21. Rbf1 Qe7 ({Reject} 21... Bxc3 $6 22. Nxc3 Rxc3 23. f5 exf5 24. gxf5 $11) 22. c4 Rb3 (22... f5 $15 23. Bc1 Ra7) 23. Qd1 Rb2 24. Rxb2 Bxb2 25. Rf2 Bg7 26. Nc1 f5 27. exf5 (27. g5 $11) 27... Bxg2 28. Kxg2 exf5 29. Qf3 fxg4 30. hxg4 Nf6 31. g5 Nh5 32. Ne2 h6 {[%emt 0:02:45] The position is equal.} 33. Qe4 Qxe4+ 34. dxe4 hxg5 35. fxg5 Re8 36. Kf3 Ra8 37. Nf4 Nxf4 38. Bxf4 Ra3+ 39. Kg2 Ra4 40. Bxd6 {[%emt 0:01:17] [#] Threatens to win with e5.} Rxc4 41. e5 {[%emt 0:30:38] Hoping for e6.} Re4 {[%emt 0:10:23] Weighted Error Value: White=0.13 (very precise) /Black=0.09 (flawless) .  Mistake:       	White=2     	Black=1      Inaccurate:     	White=3     	Black=2      OK:         	White=8     	Black=15     Best:        	---       	Black=2} 1/2-1/2

[Event "125-Jahre Werder Bremen 2024"]
[Site "Bremen"]
[Date "2024.03.09"]
[Round "8.7"]
[White "Schneider, Jana"]
[Black "Reuker, Jari"]
[Result "1-0"]
[ECO "C65"]
[WhiteElo "2303"]
[BlackElo "2383"]
[Annotator "TA"]
[PlyCount "120"]
[EventDate "2024.02.26"]
[EventType "swiss"]
[EventCountry "GER"]
[SourceTitle "playchess.com"]
[Source "ChessBase"]
[SourceQuality "1"]
[TimeControl "40/6000+30:1800+30"]

1. e4 e5 2. Nf3 Nc6 3. Bb5 Nf6 4. d3 Bc5 5. Bxc6 dxc6 6. Nbd2 {[%emt 0:00:29] C65: Spanische Partie (Berliner-Verteidigung).} Nd7 {[%emt 0:05:40] 6...Nd7 ist aktuell in Mode.} 7. O-O O-O 8. c3 Re8 9. d4 exd4 $146 ({Predecessor:} 9... Bd6 10. Qc2 exd4 11. cxd4 Nf8 12. Nc4 Bg4 13. Nfe5 Be6 14. Be3 f6 15. Nd3 Ng6 {½-½ Bauer,C (2650)-Heimann,A (2583) SUI-chT Switzerland 2021 (8.1)}) 10. cxd4 Bf8 11. Re1 a5 12. Qc2 a4 13. Nf1 c5 14. Bg5 f6 15. Bf4 c6 16. e5 cxd4 17. Qc4+ Kh8 18. exf6 Nxf6 19. Nxd4 Nd5 20. Be5 Bd7 21. Ng3 Qb6 22. Ndf5 Qb4 (22... Rxe5 $5 23. Rxe5 Qxb2 $17) 23. Qe2 Re6 24. a3 Qa5 25. Nd4 Rg6 26. h4 Re8 27. h5 Rf6 28. Qd1 {[%emt 0:02:56] [#]} Nc3 (28... Ne3 $1 $11 29. Rxe3 Rxe5) 29. Nxc6 $14 Bxc6 30. Bxc3 (30. bxc3 $2 Rxe5 31. Rxe5 Qxe5 $19) 30... Rxe1+ 31. Qxe1 Qd5 32. Qf1 $1 Rd6 33. Bb4 $1 Rd8 34. Bxf8 Rxf8 35. Rd1 Qg5 36. Qd3 h6 37. Qd6 (37. Qc4 {vereinfacht} Qf6 38. Qd4 Qxd4 39. Rxd4 Re8 40. f4) 37... Kg8 38. Qe6+ Kh7 39. Qe2 Qf4 40. Qc2+ Kh8 41. Qc5 Kg8 42. Rd6 Re8 {[%emt 0:02:47] [#]} 43. Rd4 $1 Qf6 44. Qb4 ({Vorzuziehen ist} 44. f3 $16) 44... Qe5 (44... Re1+ $1 $11 {bleibt in der Remisbreite.} 45. Qxe1 Qxd4) 45. Kh2 $16 Rf8 46. Qd2 Qe7 47. Rg4 Qf6 48. f3 (48. Kg1 {mit weiteren Verwicklungen.} Rd8 49. Qf4 Rd1+ 50. Kh2) 48... Rd8 49. Qc2 Rd5 50. Qc1 (50. Qg6 $1 $14 Qxg6 51. hxg6) 50... Qd6 51. Rf4 Kh8 (51... Rc5 $5 52. Qe3 $8 Kh7 $11) 52. Qc4 Rb5 (52... b5 {vereinfacht} 53. Qb4 Qxb4 54. Rxb4 Be8) 53. Qf7 (53. Qxa4 $2 Rxh5+ (53... Rxb2 $2 54. Qa8+ Kh7 55. Rf8 $18) 54. Nxh5 Bxa4 $19) 53... Kh7 (53... Rxb2 $11 {hält das Gleichgewicht.} 54. Rg4 (54. Qxg7+ Kxg7 55. Nf5+ Kf6 $16) 54... Qf6 (54... Qxa3 55. Qxg7#) 55. Qxf6 gxf6) 54. Kg1 (54. Rg4 $16 Rg5 55. Rxg5 hxg5 56. b4) 54... Qc5+ (54... Rg5 $11 55. Kh2 b5) 55. Kh1 $1 $14 ({Bloß nicht} 55. Kh2 $6 Qd6 $16) 55... Rxb2 (55... Qc1+ $1 $14 56. Kh2 Rg5) 56. Qg6+ $16 Kh8 $2 (56... Kg8 $16 57. Qe6+ Kh7) 57. Rf7 Qc1+ 58. Kh2 Rxg2+ 59. Kxg2 Qd2+ 60. Kh3 Kg8 1-0

[Event "125-Jahre Werder Bremen 2024"]
[Site "Bremen"]
[Date "2024.03.09"]
[Round "8.8"]
[White "Kopylov, Michael"]
[Black "Colbow, Collin"]
[Result "1/2-1/2"]
[ECO "E08"]
[WhiteElo "2352"]
[BlackElo "2373"]
[Annotator "TA"]
[PlyCount "33"]
[EventDate "2024.02.26"]
[EventType "swiss"]
[EventCountry "GER"]
[SourceTitle "playchess.com"]
[Source "ChessBase"]
[SourceQuality "1"]
[TimeControl "40/6000+30:1800+30"]

1. d4 Nf6 2. c4 e6 3. g3 d5 4. Bg2 Bb4+ 5. Bd2 Be7 6. Nf3 O-O 7. O-O Nbd7 8. Qc2 c6 9. Bf4 b6 10. cxd5 cxd5 {[%emt 0:00:40] The position is equal.} 11. Rc1 Bb7 12. Nc3 Rc8 13. Qd1 Nh5 14. Be3 Nhf6 15. Bf4 Nh5 16. Be3 Nhf6 17. Bf4 {[%emt 0:05:27] An uneventful encounter.   Weighted Error Value: White=0.02 (flawless) /Black=0.01 (flawless) .  OK:         	White=2     	Black=5} 1/2-1/2

[Event "125-Jahre Werder Bremen 2024"]
[Site "Bremen"]
[Date "2024.03.09"]
[Round "8.9"]
[White "Knaak, Rainer"]
[Black "Wachinger, Nikolas"]
[Result "1/2-1/2"]
[ECO "E49"]
[WhiteElo "2450"]
[BlackElo "2442"]
[Annotator "TA"]
[PlyCount "94"]
[EventDate "2024.02.26"]
[EventType "swiss"]
[EventCountry "GER"]
[SourceTitle "playchess.com"]
[Source "ChessBase"]
[SourceQuality "1"]
[TimeControl "40/6000+30:1800+30"]

1. d4 Nf6 2. c4 e6 3. Nc3 Bb4 4. e3 O-O 5. Bd3 d5 6. Nge2 dxc4 7. Bxc4 c5 8. a3 Bxc3+ 9. bxc3 Qc7 10. Bd3 b6 11. e4 Ba6 12. Bg5 Bxd3 13. Qxd3 Nbd7 14. e5 (14. f3 $14) 14... c4 $11 15. Qh3 Nd5 16. O-O Rae8 17. Bd2 f6 18. f4 Qc6 19. a4 a6 20. Ng3 f5 {[%emt 0:00:46] Dodges Ne4} 21. Ne2 b5 22. axb5 axb5 23. g4 g6 24. gxf5 $1 gxf5 25. Kf2 Kh8 26. Rg1 Rg8 27. Qh5 Ne7 28. Rg3 Rxg3 (28... Nb6 $11) 29. Nxg3 (29. Qxe8+ $2 {too greedy.} Rg8 $19) (29. hxg3 $16 Ng6 30. Qf3 Qxf3+ 31. Kxf3) 29... Rg8 30. Ra7 $36 {[%emt 0:02:01][%mdl 2048] Black is under pressure.} Nd5 (30... Nc8 $11 31. Ra5 Ndb6) 31. Qf7 $16 N5b6 {[%emt 0:01:32][%cal Ob5b4] Black is weak on the dark squares} 32. Be3 {[%emt 0:07:56] The board is on fire. White has more active pieces.} (32. d5 $1 $16 Qxd5 33. Be3) 32... Qd5 $11 33. Qe7 h6 34. Ra1 Rg7 35. Qe8+ Kh7 {[%emt 0:00:04] [#]} (35... Rg8 $11 {keeps the balance.} 36. Qh5 Rg7) 36. Rg1 $1 $16 Rg8 {[%emt 0:05:50] [#] Prevents Nh5} 37. Qe7+ (37. Qh5 $1 $16) 37... Rg7 $11 38. Qe8 ({White should try} 38. Qa3 $11) 38... Rg8 $1 $14 39. Qf7+ (39. Qh5 $1 $14) 39... Rg7 $11 {[%emt 0:00:08] The position is equal.} 40. Qh5 Na4 41. Ne2 Nb2 {[%emt 0:03:12] Strongly threatening ...Nd3+.} 42. Rxg7+ Kxg7 43. Ng3 Nd3+ 44. Kg1 {[%emt 0:01:18] And now Qe8 would win.} Ne1 {[%emt 0:01:57][%csl Ge1][%cal Rd5g2] Excellent horsemanship.} 45. Kf2 Nd3+ 46. Kg1 {[%emt 0:00:17] Threatens to win with Qe8.} Ne1 47. Kf2 Nd3+ {[%emt 0:00:31] Weighted Error Value: White=0.15 (very precise) /Black=0.12 (very precise) .  Mistake:       	White=6     	Black=3      Inaccurate:     	White=2     	Black=3      OK:         	White=12    	Black=16     Best:        	White=4     	Black=5      Strong:       	White=2     	Black=1} 1/2-1/2

[Event "125-Jahre Werder Bremen 2024"]
[Site "Bremen"]
[Date "2024.03.09"]
[Round "8.10"]
[White "Hejazipour, Mitra"]
[Black "Wiegmann, Sascha"]
[Result "1-0"]
[ECO "D27"]
[WhiteElo "2356"]
[BlackElo "2297"]
[Annotator "TA"]
[PlyCount "77"]
[EventDate "2024.02.26"]
[EventType "swiss"]
[EventCountry "GER"]
[SourceTitle "playchess.com"]
[Source "ChessBase"]
[SourceQuality "1"]
[TimeControl "40/6000+30:1800+30"]

1. d4 d5 2. Nf3 Nf6 3. c4 dxc4 4. e3 e6 5. Bxc4 a6 6. O-O c5 7. b3 cxd4 8. Nxd4 Be7 9. Bb2 O-O 10. Be2 b6 11. Nd2 Bb7 {[%emt 0:01:24] White has an edge.} 12. Bf3 Nd5 13. e4 Nf6 14. e5 Nd5 15. Nc4 b5 (15... Ra7 {simplifies} 16. Nc2 Bc6 17. Bxd5 Bxd5 18. N2e3 Bxc4 19. Nxc4 Qxd1 20. Rfxd1 Bc5) 16. Ne3 (16. Rc1 $5) 16... Nxe3 17. fxe3 Ra7 18. Bxb7 Rxb7 19. Qh5 g6 20. Qg4 Qd5 21. Nf3 Rd7 22. Bd4 f5 (22... Nc6 23. e4 h5 24. exd5) (22... a5 $11 {keeps the balance.}) 23. exf6 $16 Bxf6 24. Bxf6 Rxf6 25. Rac1 Nc6 26. Ng5 (26. Qh4 $16 Rff7 27. Ng5 Rxf1+ 28. Rxf1) 26... Rxf1+ (26... Qe5 $11) 27. Rxf1 $14 {[%emt 0:00:02][%cal Og5e4] Black must now prevent Ne4!} Re7 $2 (27... h5 $1 $14 28. Qf4 (28. Qxe6+ Qxe6 29. Nxe6 Rd2 $14) 28... Qf5) 28. e4 $2 ({White should play} 28. Ne4 $18 {Nf6+ is the strong threat.} Kg7 29. Qh4) 28... Qe5 (28... Qd7 $14) 29. Qf3 $1 $16 Qd4+ (29... Qc5+ 30. Kh1 Ra7 31. Nxe6 h6 32. Nxc5 Kh7 33. Qf6 Rg7 34. Ne6 (34. Qxc6 h5 35. Rf8 Rg8 36. Rxg8 Kxg8 37. Qd7 Kh8 38. Ne6 h4 39. Qg7#)) (29... Qb8 $16 30. Qf6 Qe8) 30. Kh1 $18 Qd8 {[%emt 0:00:01] [#] Prevents Qf8+} (30... Qg7 31. e5 Nd8) 31. Qf6 $2 (31. Nxe6 $1 $18 {is the precise move to win. Qf8+ would kill now.} Rxe6 32. Qf7+ Kh8 33. Qxe6) 31... Qe8 $16 32. Rc1 $40 {[%emt 0:03:54][%mdl 128] White wants a kill.} h6 33. Nh3 ({White should try} 33. Nf3 {[%cal Oc1c6] aiming for Rxc6!} Nb8 34. Qf4) 33... Nd8 34. Nf4 {[%emt 0:01:46] Black is weak on the dark squares} Kh7 35. Rc8 {[%emt 0:02:06] White has more active pieces.} ({Wrong is} 35. Nxg6 $2 Rf7 36. Qc3 Kxg6 $19) (35. h3 $14) 35... Qf7 $11 36. Qe5 g5 {[%emt 0:00:42] And now ...Rd7 would win.} 37. Nh3 Rd7 (37... Qf1+ 38. Ng1 Nf7 39. Qc5) 38. Ng1 Qf2 $2 {[%emt 0:00:42][%mdl 8192] [#]} (38... Qg7 $11 {and Black stays safe.} 39. Qb8 Qd4) 39. Rxd8 $1 {[%emt 0:00:33][%mdl 512] Weighted Error Value: White=0.38/Black=0.53.  Loses game:     	---       	Black=1      Missed win:     	White=2     	---        Mistake:       	White=3     	Black=6      Inaccurate:     	White=2     	Black=3      OK:         	White=9     	Black=8      Best:        	White=2     	Black=1      Strong:       	White=1     	---        Brilliant:      	White=1     	---} 1-0

[Event "125-Jahre Werder Bremen 2024"]
[Site "Bremen"]
[Date "2024.03.09"]
[Round "8.11"]
[White "Radeva, Viktoria"]
[Black "Meins, Gerlef"]
[Result "1/2-1/2"]
[ECO "B92"]
[WhiteElo "2325"]
[BlackElo "2390"]
[Annotator "TA"]
[PlyCount "63"]
[EventDate "2024.02.26"]
[EventType "swiss"]
[EventCountry "GER"]
[SourceTitle "playchess.com"]
[Source "ChessBase"]
[SourceQuality "1"]
[TimeControl "40/6000+30:1800+30"]

1. e4 c5 2. Nf3 d6 3. d4 cxd4 4. Nxd4 Nf6 5. Nc3 a6 6. Be2 e5 7. Nb3 Be7 8. O-O O-O 9. Kh1 Be6 10. f4 Qc7 (10... Bd7 $11 {bleibt in der Remisbreite.}) 11. Qe1 (11. f5 $16 Bc4 12. g4) 11... Nbd7 12. Qg3 Kh8 13. fxe5 {[%emt 0:07:33] Die Stellung ist ausgeglichen.} dxe5 14. Nd4 Bb4 15. Nxe6 fxe6 16. Bd2 Nc5 17. Bf3 Rad8 18. Qe1 Bxc3 (18... Na4 $15) 19. Bxc3 $11 Nfxe4 20. b4 Na4 {[%emt 0:04:22] Ein dynamisches Springerpaar.} 21. Bxe5 Qxe5 22. Qxe4 Qxe4 23. Bxe4 b6 24. Kg1 g6 25. Rxf8+ Rxf8 $14 {[%emt 0:00:04][%mdl 4096] Endspiel. KRB-KRN} 26. Re1 a5 27. a3 axb4 28. axb4 Nc3 29. Bf3 Rf4 30. Re3 Rc4 31. Rxe6 Rxb4 32. Rc6 {[%emt 0:01:12] Gewichteter Fehlerwert: Weiß=0.15 (sehr präzise) /Schwarz=0.19 (sehr präzise) .  Fehler:       	---       	Schwarz=1     Ungenau:       	Weiß=2     	Schwarz=2     OK:         	Weiß=9     	Schwarz=6     Bester:       	Weiß=1     	---} 1/2-1/2

[Event "125-Jahre Werder Bremen 2024"]
[Site "Bremen"]
[Date "2024.03.09"]
[Round "8.12"]
[White "Guichard, Pauline"]
[Black "Soderstrom, Adrian"]
[Result "1-0"]
[ECO "D35"]
[WhiteElo "2385"]
[BlackElo "2288"]
[Annotator "TA"]
[PlyCount "57"]
[EventDate "2024.02.26"]
[EventType "swiss"]
[EventCountry "GER"]
[SourceTitle "playchess.com"]
[Source "ChessBase"]
[SourceQuality "1"]
[TimeControl "40/6000+30:1800+30"]

1. d4 d5 2. c4 e6 3. Nc3 Be7 4. Nf3 Nf6 5. cxd5 exd5 6. Bf4 c6 7. e3 Bf5 8. Nh4 Be6 9. Bd3 Ne4 10. Nf3 {[%emt 0:01:22] White is slightly better.} Nxc3 11. bxc3 Nd7 12. Qb1 b5 13. a4 (13. Bxh7 $6 g6 14. Bxg6 fxg6 15. Qxg6+ Bf7 16. Qxc6 Qc8 17. Qxc8+ Rxc8 $11) 13... bxa4 14. Rxa4 h6 15. Qa2 O-O 16. O-O {[%emt 0:01:01] White has more active pieces.} (16. Rxa7 $6 Rxa7 17. Qxa7 Qa8 18. Qxa8 Rxa8 $14) 16... Bg4 (16... g5 $16 {was worth a try.}) 17. Rxa7 $18 Bxf3 18. gxf3 Rxa7 19. Qxa7 {[%emt 0:00:06] Threatens to win with Rb1.} Nf6 20. Rb1 Bd6 {[%emt 0:00:47] Wards off Rb8} 21. Bg3 Nh5 22. Kg2 Nxg3 23. hxg3 ({Don't take} 23. fxg3 $6 Qg5) 23... h5 {[%emt 0:05:04] Black is weak on the light squares} 24. Qb7 h4 (24... Qa8 $142 25. Qd7 Rd8) 25. Qxc6 Bxg3 $2 (25... Bb8 26. Rb5 hxg3 27. Qxd5 (27. Rxd5 $2 {too greedy.} Qh4 $19) (27. fxg3 Qe7 $18) 27... Qh4) 26. fxg3 Qg5 27. Qd6 {[%emt 0:00:58] [#] aiming for Rb8.} Qxe3 28. Rb8 h3+ 29. Kxh3 {[%emt 0:01:15] Black did not feel at home in the position after the opening.   Weighted Error Value: White=0.03 (flawless) /Black=0.50.  Mistake:       	---       	Black=3      Inaccurate:     	---       	Black=3      OK:         	White=8     	Black=5} 1-0

[Event "125-Jahre Werder Bremen 2024"]
[Site "Bremen"]
[Date "2024.03.10"]
[Round "9.1"]
[White "Aditya Mittal"]
[Black "Plat, Vojtech"]
[Result "1/2-1/2"]
[ECO "E91"]
[WhiteElo "2594"]
[BlackElo "2528"]
[Annotator "TA"]
[PlyCount "53"]
[EventDate "2024.02.26"]
[EventType "swiss"]
[EventCountry "GER"]
[SourceTitle "playchess.com"]
[Source "ChessBase"]
[SourceQuality "1"]
[TimeControl "40/6000+30:1800+30"]

1. d4 d6 2. Nf3 Nf6 3. c4 g6 4. Nc3 Bg7 5. e4 O-O 6. Be2 a5 7. O-O Nc6 8. d5 Nb4 9. a3 Na6 10. Be3 e6 11. h3 {[%emt 0:03:57] Weiß steht etwas besser.} exd5 12. cxd5 Re8 13. Qc2 Qe7 14. Bb5 Bd7 15. Bxa6 Rxa6 16. Rfe1 Raa8 17. Bd4 c5 18. dxc6 Bxc6 {[%emt 0:00:19][%cal Rf6e4] [#]} 19. Nd5 Bxd5 $11 {[%emt 0:00:23] Die Stellung ist ausgeglichen.} 20. exd5 Qd7 21. Qd3 Rxe1+ 22. Rxe1 Re8 23. Rxe8+ Qxe8 24. Qc4 h6 25. b3 Qd7 26. a4 Qf5 27. Bxf6 {[%emt 0:35:34] Gewichteter Fehlerwert: Weiß=0.11 (sehr präzise) /Schwarz=0.03 (makellos) .  Fehler:       	Weiß=1     	---        Ungenau:       	Weiß=1     	---        OK:         	Weiß=6     	Schwarz=6     Bester:       	Weiß=1     	Schwarz=2} 1/2-1/2

[Event "125-Jahre Werder Bremen 2024"]
[Site "Bremen"]
[Date "2024.03.10"]
[Round "9.2"]
[White "Efimenko, Zahar"]
[Black "Teclaf, Pawel"]
[Result "*"]
[ECO "B88"]
[WhiteElo "2568"]
[BlackElo "2556"]
[Annotator "TA"]
[PlyCount "99"]
[EventDate "2024.02.26"]
[EventType "swiss"]
[EventCountry "GER"]
[SourceTitle "playchess.com"]
[Source "ChessBase"]
[SourceQuality "1"]
[TimeControl "40/6000+30:1800+30"]

1. e4 c5 2. Nf3 d6 3. d4 cxd4 4. Nxd4 Nf6 5. Nc3 a6 6. Bc4 e6 7. a4 Be7 8. O-O O-O 9. Be3 Nc6 10. Bb3 Bd7 11. f4 {[%emt 0:03:04] B88: Sicilian: Sozin Attack.} h6 $146 ({Predecessor:} 11... e5 12. fxe5 dxe5 13. Nf5 Bxf5 14. Rxf5 Qxd1+ 15. Rxd1 Ng4 16. Bb6 g6 17. Rff1 Nd4 18. Nd5 Bg5 19. Bxd4 exd4 20. Rxd4 {1-0 Garcia Meza,D (1856)-Nunez Mercado,F (1553) Barranquilla Carnaval Cup 2024 (6)}) 12. Qe2 Qa5 13. f5 e5 14. Nxc6 bxc6 15. Rad1 Rab8 16. Bf2 Rb4 17. Kh1 Bc8 18. Qe1 Qd8 19. Bc5 dxc5 20. Rxd8 Rxd8 21. Qe2 Rdd4 22. Rd1 c4 23. Ba2 Bc5 24. a5 Rxb2 25. Bxc4 Rxd1+ (25... Rb4 $142 26. Bd3 (26. Bxa6 $2 Bxa6 27. Qxa6 $19)) 26. Nxd1 Rb1 27. Bd3 (27. Bxa6 $2 Bxa6 28. Qf3 Nxe4 $19) 27... h5 (27... Ra1 $16 {might work better.}) 28. h3 $1 $18 (28. Bxa6 $2 Bxa6 29. Qf3 Ng4 $19) 28... h4 29. Kh2 $1 (29. Bxa6 $2 Bxa6 30. c4 Nxe4 $19) 29... Ra1 30. c3 (30. Bxa6 $2 Bxa6 31. Qd2 (31. Qxa6 $2 Rxd1 32. Qe2 Ra1 $19) 31... Bd4 $19 (31... Nxe4 $2 32. Qd8+ Bf8 33. Qxh4 $19)) (30. Bc4 $18 {[%cal Oc4f7] Black must now prevent Bxf7+!} Nxe4 31. Qxe4 (31. Bxa6 $2 Ng3 $19) 31... Rxd1 32. Qxh4 (32. Qxe5 Bg1+ 33. Kh1 Bd4+ 34. Kh2 Bxe5+ 35. g3 Rd2+ 36. Kg1 hxg3 37. c3 Bxc3 38. h4 Bd4+ 39. Kf1 g2+ 40. Ke1 Be3 41. Bxf7+ Kxf7 42. h5 g1=Q#)) 30... Bd6 (30... Bd7 $16 31. Ne3 (31. Bxa6 Rxa5 32. Bc4 Be8 $16) 31... Be8) 31. Ne3 $18 (31. Bxa6 $2 Bxa6 32. Qxa6 Rxd1 33. Qa8+ (33. Qxc6 $2 Nh5 $19) 33... Bf8 $19) 31... Bc5 32. g4 (32. Bxa6 $2 Bxa6 33. Qf2 Bd3 $19 (33... Nxe4 $2 34. Qxh4 Bxe3 35. Qxe4 $19) (33... Rxa5 $2 34. Qe1 $19)) 32... hxg3+ 33. Kxg3 Rxa5 34. Nc4 Ra1 35. Qb2 (35. Nxe5 Bd6 36. Kg2 (36. Kf4 $2 Nd7 $19) 36... Bxe5 $17) 35... Rd1 36. Bc2 $2 (36. Nxe5 Bd6 37. Kg2 Bxe5 $19) (36. Qc2 $1 $18 Re1 37. Kg2 (37. Nxe5 Bxf5 38. exf5 Rxe5 $11)) 36... Nh5+ $1 $17 37. Kh2 {[%emt 0:03:09] [#]} (37. Kh4 $2 Rg1 $19) 37... Rf1 $1 38. h4 Rf2+ 39. Kh3 Rf3+ (39... Nf4+ $17 40. Kg4 Rg2+ 41. Kf3 Nd3) 40. Kg2 $1 $11 (40. Kg4 Rg3+ 41. Kxh5 g6+ 42. fxg6 fxg6+ 43. Kh6 Bf8#) 40... Rf2+ (40... Rg3+ $11 41. Kf1 Nf4) 41. Kh3 $17 Nf4+ 42. Kg4 Rg2+ 43. Kf3 Rf2+ 44. Kg4 {[%emt 0:00:00] [#]} f6 (44... Nd3 $1 $17 {( -> ...Rg2+)} 45. Qb1 Rg2+ 46. Kf3 Rxc2) 45. Qb3 ({But not} 45. Qb8 $2 Rg2+ 46. Kf3 Rxc2 $19 (46... Rf2+ 47. Kg4 $17)) (45. Nxe5 $11 fxe5 46. Qb8 Rg2+ 47. Kf3 Rf2+ 48. Kg4) 45... Kh7 $17 46. Bd1 $2 (46. Nxe5 $17 {nothing else works.} fxe5 47. Bb1) 46... Bd7 $2 ({Black should play} 46... Rg2+ $19 47. Kf3 Rh2) 47. Qb8 $11 Rg2+ 48. Kf3 Rf2+ 49. Kg4 Rg2+ 50. Kf3 *

[Event "125-Jahre Werder Bremen 2024"]
[Site "Bremen"]
[Date "2024.03.10"]
[Round "9.3"]
[White "Gumularz, Szymon"]
[Black "Pruijssers, Roeland"]
[Result "1/2-1/2"]
[ECO "D35"]
[WhiteElo "2590"]
[BlackElo "2537"]
[Annotator "TA"]
[PlyCount "44"]
[EventDate "2024.02.26"]
[EventType "swiss"]
[EventCountry "GER"]
[SourceTitle "playchess.com"]
[Source "ChessBase"]
[SourceQuality "1"]
[TimeControl "40/6000+30:1800+30"]

1. c4 e6 2. Nc3 d5 3. d4 Nf6 4. cxd5 Nxd5 5. e4 Nxc3 6. bxc3 c5 7. Rb1 Be7 8. Nf3 O-O 9. Bc4 a6 (9... Nc6 $11) 10. a4 $1 $14 Qc7 {[%emt 0:02:33] [#] ...cxd4 would now be deadly.} 11. Be2 b6 12. O-O Rd8 13. Qb3 cxd4 14. cxd4 Bb7 15. d5 exd5 16. Qxb6 Qxb6 {[%emt 0:04:32] The position is equal.} 17. Rxb6 Bc6 18. exd5 Bxa4 19. Bf4 Nd7 $1 20. Rb7 Bf8 21. Bc4 Nc5 22. Rb6 Bb5 {[%emt 0:08:01] Weighted Error Value: White=0.08 (flawless) /Black=0.10 (very precise) .  Mistake:       	---       	Black=1      Inaccurate:     	White=1     	Black=1      OK:         	White=2     	Black=10     Strong:       	White=1     	Black=1} 1/2-1/2